 Dungeon Crawl Stone Soup version 0.18-a0-1577-gf591c28 (webtiles) character file.

5022 4thArraOfDagon the Basher (level 10, -1/98 HPs)
             Began as a Naga Wanderer on Mar 17, 2016.
             Was a Believer of Ru.
             Slain by an orc warrior
             ... wielding a +0 war axe
              (22 damage)
             ... on level 11 of the Dungeon.
             The game lasted 00:21:19 (4223 turns).

4thArraOfDagon the Basher (Naga Wanderer)           Turns: 4223, Time: 00:21:19

Health: -1/98      AC: 10    Str: 17    XL:     10   Next: 55%
Magic:  10/10      EV:  8    Int: 15    God:    Ru [**....]
Gold:   396        SH:  0    Dex:  9    Spells: 1 memorised, 8 levels left

rFire  . . .     SeeInvis +     w - +2 flail of Outrage {elec, Int+3} (curse)
rCold  . . .     Gourm    .     a - +1 ring mail of Nedacran {rElec Str+4 Int-4}
rNeg   + . .     Faith    .     (no shield)
rPois  +         Spirit   .     (helmet restricted)
rElec  +         Dismiss  .     (no cloak)
rCorr  .         Reflect  .     (no gloves)
SustAt .         Harm     .     (no barding)
MR     +....     Rnd*Rage +     l - amulet of regeneration
Stlth  ++........               (no ring)
                                z - ring of positive energy

@: very slow, somewhat resistant to hostile enchantments, unstealthy
A: horns 1, rough black scales 1, see invisible, berserk 1, blink, deformed
body, poison resistance, screaming 1, shaggy fur 1, slowness 2, slow metabolism
1, spit poison 2, weak 1, hated by all, reduced AC 1, AC +3
a: Spit Poison, Blink, Renounce Religion


You were on level 11 of the Dungeon.
You worshipped Ru.
Ru was pleased with you.
You were not hungry.

You visited 1 branch of the dungeon, and saw 11 of its levels.
You also visited: Sewer.

You collected 396 gold pieces.

Inventory:

Hand Weapons
 w - the cursed +2 flail of Outrage (weapon) {elec, Int+3}
   (You found it on level 5 of the Dungeon)

   Occasionally, upon striking a foe, it will discharge some electrical energy
   and cause terrible harm.
   It affects your intelligence (+3).
   It has a curse placed upon it.
 y - a +5 dire flail of crushing
Missiles
 v - 21 poisoned needles
Armour
 a - the +1 ring mail of Nedacran (worn) {rElec Str+4 Int-4}
   (You found it on level 6 of the Dungeon)

   It affects your strength (+4).
   It affects your intelligence (-4).
   It insulates you from electricity.
 h - a +2 helmet
 B - a troll hide
Jewellery
 l - an amulet of regeneration (around neck)
 p - a cursed amulet of inaccuracy {unknown}
 z - a ring of positive energy (left hand)
Wands
 u - a wand of polymorph (13/24)
 C - a wand of polymorph (12/24)
Scrolls
 b - a scroll of brand weapon
 d - a scroll of magic mapping
 e - a scroll of teleportation
 f - a scroll of enchant weapon {unknown}
 m - a scroll of immolation
 s - a scroll of blinking {unknown}
 t - 3 scrolls of random uselessness
Potions
 c - 3 potions of curing
 i - a potion of berserk rage
 k - a potion of agility
 n - 2 potions of resistance
 o - 2 potions of heal wounds
 q - a potion of invisibility
 r - 2 potions of flight
 A - a potion of brilliance
Miscellaneous
 x - a plain deck of changes
Comestibles
 g - 4 bread rations
 j - 15 chunks of flesh


   Skills:
 + Level 8.4 Fighting
 * Level 11.0 Maces & Flails
   Level 1.4 Bows
 + Level 5.4 Armour
 - Level 1.5 Dodging
 - Level 4.4 Stealth
 - Level 1.0 Evocations


You had 8 spell levels left.
You knew the following spells:

 Your Spells              Type           Power        Failure   Level  Hunger
a - Apportation           Tloc           #.........   47%         1    ##.....


Dungeon Overview and Level Annotations

Branches:
Dungeon (11/15)            Temple (0/1) D:5             Orc (0/2) D:11
   Lair: D:8-11

Altars:
Cheibriados
Makhleb
Pakellas
Qazlal
Ru
Xom

Shops:
D:6 [


Innate Abilities, Weirdness & Mutations

You cannot wear boots.
Your serpentine skin is tough (AC +3).
You have supernaturally acute eyesight.
Armour fits poorly on your strangely shaped body.
Your system is resistant to poisons.
You occasionally shout uncontrollably at your foes.
You cover ground very slowly.
You have a slow metabolism.
You can spit poison.
You are hated by all.
You take slightly more damage. (AC -3)
You have a pair of small horns on your head.
You are partially covered in rough black scales (AC +4, Dex -1).
You tend to lose your temper in combat.
You can translocate small distances at will.
You are covered in fur (AC +1).
You are weak. (Str -2)


Message History

The orc warrior is lightly wounded.
You have got your breath back.
The orc warrior hits you with a war axe!!
* * * LOW HITPOINT WARNING * * *
You hit the orc warrior but do no damage.
The orc warrior is lightly wounded.
The orc warrior closely misses you.
You sock the orc warrior!
You headbutt the orc warrior, but do no damage.
The orc warrior is moderately wounded.
You hit the orc warrior but do no damage.
There is a sudden explosion of sparks!
The orc warrior is severely wounded.
The orc warrior hits you with a war axe!
* * * LOW HITPOINT WARNING * * *
Unknown command.
You closely miss the orc warrior. Your headbutt misses the orc warrior.
The orc warrior is severely wounded.
The orc warrior hits you with a war axe!!
You die...

# # #.......#
.# #.......#
#.# #.......#
..# #.....#
##.# #...# # .#
####'########.#
.#
#.............#
#.#
#.............#
..#
#.)......@....#
###
#†########o####
#...#..### ..#
....#....# ...#
#...#....##
....#
#...#.....#
....#
#...##....#
...?#
#...##....#
..%##
#...####..#


You could see an orc warrior.

Vanquished Creatures
  2 unseen horrors (D:11)
  An ugly thing (D:11)
  3 trolls (D:11)
  A two-headed ogre (D:11)
  A hungry ghost (D:11)
  Menkaure (D:5)
  A warg (D:11)
  3 orc warriors (D:11)
  A sky beast (D:6)
  2 ice beasts
  A centaur (D:7)
  An ogre (D:11)
  7 giant frogs
  The ghost of Duffy the Chopper, a weakling DsGl (D:5)
  2 crimson imps
  2 centaur zombies (D:11)
  2 orc priests
  2 orc wizards
  2 giant frog skeletons
  A centaur skeleton (D:5)
  3 hounds
  A jelly (D:6)
  8 worker ants
  A hound skeleton (D:5)
  2 river rats (D:5)
  8 adders
  An ooze (D:1)
  An adder skeleton (D:5)
  2 worms
  3 dart slugs
  4 giant geckos
  24 orcs
  4 giant cockroaches
  5 goblins
  8 hobgoblins
  3 jackals (D:3)
  A quokka (D:4)
  4 ball pythons
  9 bats
  2 giant newts
  3 kobolds
  6 rats
140 creatures vanquished.

Notes
Turn   | Place    | Note
--------------------------------------------------------------
     0 | D:1      | 4thArraOfDagon the Naga Wanderer began the quest for the Orb.
     0 | D:1      | 4thArraOfDagon set off with: a +2 shortbow, 25 arrows, a potion of curing, a potion of lignification, a +0 robe, a +0 dagger, a bread ration
     0 | D:1      | Reached XP level 1. HP: 19/19 MP: 1/1
    10 | D:1      | magipi: why nawn?
    16 | D:1      | Reached XP level 2. HP: 12/27 MP: 2/2
   136 | D:1      | Found a shimmering altar of Xom.
   222 | D:2      | Found a stormy altar of Qazlal.
   223 | D:2      | Noticed a fire elemental
   225 | D:2      | Noticed an air elemental
   225 | D:2      | Noticed an earth elemental
   225 | D:2      | Noticed a water elemental
   281 | D:2      | 4thArraOfDagon: uhh
   281 | D:2      | 4thArraOfDagon: to start a streak
   281 | D:2      | 4thArraOfDagon: with bad combo
   405 | D:4      | Found a sacrificial altar of Ru.
   429 | D:4      | Became a worshipper of Ru the Awakened
   492 | D:4      | Reached XP level 3. HP: 31/34 MP: 3/3
  1054 | D:2      | Reached XP level 4. HP: 41/44 MP: 4/4
  1258 | D:2      | Gained mutation: You occasionally shout uncontrollably at your foes. [Ru sacrifice]
  1373 | D:2      | Found a burning altar of Makhleb.
  1829 | D:3      | Reached skill level 5 in Fighting
  1858 | D:4      | Reached XP level 5. HP: 40/52 MP: 5/5
  2003 | D:5      | Entered Level 5 of the Dungeon
  2006 | D:5      | Got a fine flail
  2007 | D:5      | Identified the cursed +2 flail of Outrage {elec, Int+3} (You found it on level 5 of the Dungeon)
  2008 | D:5      | Turgon: Sac what?
  2009 | D:5      | 4thArraOfDagon: screaming
  2009 | D:5      | Turgon: oh
  2078 | D:5      | Reached skill level 1 in Maces & Flails
  2225 | D:5      | Reached skill level 2 in Maces & Flails
  2235 | D:5      | Found a glowing drain.
  2254 | Sewer    | Entered a sewer
  2254 | Sewer    | Noticed PeterLawrence's ghost (amateur MiFi)
  2344 | D:5      | Reached skill level 3 in Maces & Flails
  2344 | D:5      | Reached XP level 6. HP: 42/61 MP: 6/6
  2393 | D:5      | Noticed Menkaure
  2404 | D:5      | Killed Menkaure
  2404 | D:5      | Reached skill level 4 in Maces & Flails
  2462 | D:5      | Found a staircase to the Ecumenical Temple.
  2462 | D:5      | Noticed Duffy's ghost (weakling DsGl)
  2485 | D:5      | Turgon: lol
  2492 | D:6      | Reached skill level 5 in Maces & Flails
  2492 | D:6      | Reached XP level 7. HP: 30/67 MP: 7/7
  2510 | D:6      | Turgon: I wonder when the door breaks
  2510 | D:6      | Gained mutation: You take slightly more damage. (AC -3) [Ru sacrifice]
  2510 | D:6      | Reached * piety under Ru
  2540 | D:6      | Found Azaos's Armour Boutique.
  2681 | D:6      | Learned a level 1 spell: Apportation
  2764 | D:7      | Reached skill level 6 in Maces & Flails
  2833 | D:7      | Found an oddly glowing altar of Pakellas.
  2843 | D:7      | Gained mutation: You can translocate small distances at will. [mutagenic meat]
  2844 | D:7      | Gained mutation: You are partially covered in rough black scales (AC +4, Dex -1). [mutagenic meat]
  2845 | D:7      | Gained mutation: You are frail (-10% HP). [mutagenic meat]
  2847 | D:7      | Gained mutation: You are covered in fur (AC +1). [mutagenic meat]
  2904 | D:7      | Reached XP level 8. HP: 62/67 MP: 8/8
  2948 | D:6      | Got a fine ring mail
  3082 | D:5      | Killed Duffy's ghost
  3082 | D:5      | Reached skill level 7 in Maces & Flails
  3118 | D:5      | Identified the +1 ring mail of Nedacran {rElec Str+4 Int-4} (You found it on level 6 of the Dungeon)
  3133 | D:5      | Found a snail-covered altar of Cheibriados.
  3473 | D:10     | Entered Level 10 of the Dungeon
  3577 | D:11     | Gained mutation: Your magical capacity is low (-10% MP). [potion of mutation]
  3577 | D:11     | Gained mutation: You have a pair of small horns on your head. [potion of mutation]
  3577 | D:11     | Lost mutation: You are frail (-10% HP). [potion of mutation]
  3640 | D:11     | Reached skill level 8 in Maces & Flails
  3642 | D:11     | Gained mutation: You are hated by all. [Ru sacrifice]
  3642 | D:11     | Reached ** piety under Ru
  3644 | D:11     | Reached XP level 9. HP: 70/85 MP: 8/8
  3659 | D:11     | Found a staircase to the Orcish Mines.
  3660 | D:11     | Noticed a purple ugly thing
  3672 | D:11     | Noticed a two-headed ogre
  3681 | D:11     | Killed a two-headed ogre
  3722 | D:11     | Noticed an unseen horror
  3729 | D:11     | Killed an unseen horror
  3729 | D:11     | Reached skill level 9 in Maces & Flails
  3802 | D:11     | Noticed a cyclops
  3871 | D:11     | Killed a purple ugly thing
  3972 | D:11     | Reached skill level 10 in Maces & Flails
  3972 | D:11     | Reached XP level 10. HP: 66/96 MP: 9/9
  4050 | D:11     | Gained mutation: You tend to lose your temper in combat. [mutagenic meat]
  4051 | D:11     | Gained mutation: You are weak. (Str -2) [mutagenic meat]
  4053 | D:11     | Lost mutation: Your magical capacity is low (-10% MP). [mutagenic meat]
  4080 | D:11     | Noticed an unseen horror
  4096 | D:11     | Killed an unseen horror
  4096 | D:11     | Reached skill level 5 in Armour
  4200 | D:11     | Reached skill level 11 in Maces & Flails
  4223 | D:11     | Slain by an orc warrior

Vault maps used:
D:1:      dpeg_arrival_shelter, xom_teletrap_fun
D:2:      nicolae_qazlal_style_of_elements, lemuel_coloured_pillars_altar,
          first_bread, uniq_crazy_yiuf_cottage
D:3:      grunt_ministairs_15
D:4:      nicolae_ru_awakened_eye
D:5:      old_standard_altar, minmay_temple_entry_butterflies,
          gup_sewer_entry_bubbles, uniq_menkaure
D:6:      lemuel_ice_spiral_2, serial_shops, kennysheep_mini_moat
D:7:      old_standard_altar, serial_shops, nicolae_shop_crystal, the_bakery
D:8:      kennysheep_six_static_rooms, hangedman_glass_teeth, disabler_island
D:9:      zin_academy, lair_0_dummy, billiards_dpeg
D:10:     st_stairs_10, nrook_pool_corridor, uniq_josephine
D:11:     minmay_opposing_rooms, erik_orc_3, minmay_misc_feat_cross
Sewer:    sewer_co_scattered_pipes

Skill      XL: |  1  2  3  4  5  6  7  8  9 10 |
---------------+-------------------------------+-----
Fighting       | 3 4 5 6 7 8 |  8.4
Maces & Flails | 3 5 6 8 10 11 | 11.0
Armour         | 2 3 4 5 |  5.4
Bows           | |  1.4
Dodging        | |  1.5
Stealth        | |  4.4
Evocations     | |  1.0

Action                   |  1- 3 |  4- 6 |  7- 9 | 10-12 || total
-------------------------+-------+-------+-------+-------++-------
Melee: Dagger            |    88 |    96 |       |       ||   184
       Flail             |       |    62 |   216 |    48 ||   326
 Fire: Shortbow          |    53 |    35 |       |       ||    88
Invok: Sacrifice Purity  |       |     1 |       |       ||     1
       Sacrifice Health  |       |       |     1 |       ||     1
       Sacrifice Love    |       |       |     1 |       ||     1
 Abil: Spit Poison       |     7 |    23 |    21 |     9 ||    60
  Use: Scroll            |       |    10 |     7 |     1 ||    18
       Potion            |       |     1 |     1 |       ||     2
 Stab: Distracted        |       |       |     2 |       ||     2
  Eat: Chunk             |       |     6 |    16 |     6 ||    28
